 Dungeon Crawl Stone Soup version 0.20.1-1-g8b1a95d (webtiles) character file.

2692 Ladykiller69 the Ruffian (level 9, 0/89 HPs)
             Began as a Troll Monk on July 21, 2017.
             Was an Elder of Cheibriados.
             Slain by a yak (3 damage)
             ... on level 8 of the Dungeon.
             The game lasted 00:11:37 (6104 turns).

Ladykiller69 the Ruffian (Troll Monk)               Turns: 6104, Time: 00:11:38

Health: 0/89       AC:  6    Str: 30    XL:     9   Next: 38%
Magic:  6/9        EV: 13    Int: 15    God:    Cheibriados [****..]
Gold:   618        SH: 11    Dex: 24    Spells: 8/8 levels left

rFire    . . .     SeeInvis .     - Unarmed
rCold    . . .     Gourm    +   w - +0 shield (curse)
rNeg     . . .     Faith    .   a - +0 robe
rPois    .         Spirit   .   (helmet restricted)
rElec    .         Reflect  .   x - +0 cloak
rCorr    .         Harm     .   (gloves unavailable)
MR       .....                  (boots unavailable)
Stlth    ++........             (no amulet)
Regen    0.7/turn               (no ring)
MPRegen  0.2/turn               (no ring)

@: very slow
A: unfitting armour, claws 3, fast metabolism 3, gourmand, regeneration 1,
shaggy fur 1, tough skin 2
a: Bend Time, Temporal Distortion, Slouch, Renounce Religion


You were on level 8 of the Dungeon.
You worshipped Cheibriados.
Cheibriados was greatly pleased with you.
You were very full.

You visited 1 branch of the dungeon, and saw 9 of its levels.

You collected 618 gold pieces.

Inventory:

Missiles
 j - 210 stones (quivered)
 C - 4 tomahawks
 E - 5 javelins
Armour
 a - a +0 robe (worn)
 w - a cursed +0 shield (worn)
 x - a +0 cloak (worn)
Jewellery
 n - an uncursed amulet of faith {unknown}
 t - an uncursed amulet of harm {unknown}
 A - an uncursed ring of protection from fire {unknown}
Wands
 F - a wand of polymorph (4/24)
Scrolls
 i - 7 scrolls of teleportation {unknown}
 k - 3 scrolls of remove curse {unknown}
 m - 14 scrolls of identify {unknown}
 q - 4 scrolls of recharging {unknown}
 y - 3 scrolls of magic mapping {unknown}
 z - 4 scrolls of fear {unknown}
 D - a scroll of noise {unknown}
 I - 2 scrolls of immolation {unknown}
 L - a scroll of enchant weapon {unknown}
 M - a scroll of vulnerability {unknown}
 N - a scroll of amnesia {unknown}
 P - a scroll of holy word {unknown}
 Q - a scroll of enchant armour {unknown}
Potions
 c - 2 potions of agility {unknown}
 d - a potion of haste {unknown}
 e - 2 potions of lignification {unknown}
 f - a potion of curing
 g - a potion of degeneration {unknown}
 o - a potion of mutation {unknown}
 p - a potion of flight {unknown}
 r - 2 potions of might {unknown}
 s - a potion of cancellation {unknown}
 u - a potion of resistance {unknown}
 B - 2 potions of ambrosia {unknown}
 J - a potion of brilliance {unknown}
 O - a potion of magic {unknown}
Books
 G - Goazeina's Grimoire of Flamy Malediction
   (You found it on level 4 of the Dungeon)

   Spells                             Type                      Level
   a - Confusing Touch                Hexes                        1
   b - Throw Flame                    Conjuration/Fire             2
   c - Ensorcelled Hibernation        Hexes/Ice                    2
   d - Spectral Weapon                Hexes/Charms                 3
   e - Sticky Flame                   Conjuration/Fire             4
 H - a book of Flames

   Spells                             Type                      Level
   a - Flame Tongue                   Conjuration/Fire             1
   b - Throw Flame                    Conjuration/Fire             2
   c - Conjure Flame                  Conjuration/Fire             3
   d - Inner Flame                    Hexes/Fire                   3
   e - Sticky Flame                   Conjuration/Fire             4
   f - Fireball                       Conjuration/Fire             5
 K - a book of Callings

   Spells                             Type                      Level
   a - Summon Small Mammal            Summoning                    1
   b - Call Imp                       Summoning                    2
   c - Call Canine Familiar           Summoning                    3
   d - Summon Guardian Golem          Hexes/Summoning              3
   e - Summon Lightning Spire         Summoning/Air                4
   f - Summon Ice Beast               Ice/Summoning                4
Comestibles
 b - 9 bread rations
 h - 4 meat rations
 l - 3 royal jellies
 v - 3 fruits
 R - 6 chunks of flesh


   Skills:
 + Level 5.9 Fighting
 + Level 3.4 Throwing
 + Level 6.1 Dodging
 - Level 1.0 Stealth
 + Level 2.9 Shields
 + Level 7.2 Unarmed Combat
 + Level 1.5 Invocations


You had 8 spell levels left.
You didn't know any spells.

Dungeon Overview and Level Annotations

Branches:
Dungeon (9/15)             Temple (0/1) D:7
   Lair: D:8-11         Orc: D:9-12

Altars:
Cheibriados
Uskayaw
Vehumet
Xom

Shops:
D:4 !   D:8 [


Innate Abilities, Weirdness & Mutations

You are too large for most types of armour.
You have claws for hands.
Your metabolism is lightning-fast.
You like to eat raw meat.
Your natural rate of healing is unusually fast.
You are covered in fur. (AC +1)
You have very tough skin. (AC +2)


Message History

The yak is severely wounded.
The yak gores you!
* * * LOW HITPOINT WARNING * * *
You feel better. You block the yak's attack. The yak gores you!
* * * LOW HITPOINT WARNING * * *
You feel better. You block the yak's attack. The yak closely misses you.
You scratch the yak but do no damage.
The yak is severely wounded.
You block the yak's attack. x2
You scratch the yak but do no damage.
The yak is severely wounded.
The yak closely misses you. The yak gores you.
* * * LOW HITPOINT WARNING * * *
You feel better. The yak barely misses you. The yak completely misses you.
You claw the yak!
The yak is almost dead.
The yak gores you!
* * * LOW HITPOINT WARNING * * *
The yak gores you.
You die...

###.............#
#.####.#.####.#
####.####...# #.#
#......###..# #.#
#......# #..# #.#
## #......# #..#
#)# .# #......#
##.# #.# .#
#......# #Y####.#
)# ####.###
#@Y..#.# .# #.#
####.#.# )#
#.#########.#.#
.###
#....(........####
...#
#######..........#
.#.# #.####.###.#
.#.# #..........#
.#.# ######.#####
.#.# #.#


You could see 2 yaks.

Vanquished Creatures
  Sigmund (D:4)
  4 yaks (D:8)
  A sky beast (D:7)
  2 orc warriors
  An ogre (D:8)
  A centaur (D:5)
  3 big kobolds
  A bullfrog (D:7)
  A water moccasin skeleton (D:5)
  A howler monkey (D:8)
  5 crimson imps
  4 hounds
  A jelly (D:8)
  2 orc priests
  A quasit (D:7)
  7 orc wizards
  Natasha (thrice) (D:4)
  Terence (D:2)
  5 worker ants (D:4)
  A hound zombie (D:7)
  2 hound skeletons
  Robin (D:3)
  8 adders
  4 gnolls (D:6)
  2 shadow imps (D:5)
  An ooze (D:1)
  2 adder skeletons
  A worm (D:2)
  3 dart slugs
  5 leopard geckos
  16 orcs
  2 ball pythons
  8 giant cockroaches
  17 goblins
  9 hobgoblins
  2 jackals (D:8)
  5 quokkas
  12 bats
  11 frilled lizards
  22 kobolds
  2 quokka skeletons
  7 rats
188 creatures vanquished.

Vanquished Creatures (others)
  A dart slug (D:5)
1 creature vanquished.

Grand Total: 189 creatures vanquished

Notes
Turn   | Place    | Note
-------+----------+-------------------------------------------
     0 | D:1      | Ladykiller69 the Troll Monk began the quest for the Orb.
     0 | D:1      | Reached XP level 1. HP: 22/22 MP: 0/0
   198 | D:1      | Reached XP level 2. HP: 29/29 MP: 1/1
   564 | D:1      | Reached XP level 3. HP: 34/36 MP: 2/2
   932 | D:2      | Noticed Terence
   946 | D:2      | Killed Terence
   963 | D:2      | Reached XP level 4. HP: 30/45 MP: 3/3
  1539 | D:2      | Reached skill level 4 in Unarmed Combat
  1784 | D:3      | You fall through a shaft for 3 floors!
  1837 | D:5      | Entered Level 5 of the Dungeon
  1840 | D:5      | Reached XP level 5. HP: 13/53 MP: 4/4
  2114 | D:4      | Reached XP level 6. HP: 49/61 MP: 5/5
  2204 | D:4      | Found Vuups's Distillery.
  2254 | D:3      | Found a radiant altar of Vehumet.
  2388 | D:3      | Noticed Robin
  2414 | D:3      | Killed Robin
  2961 | D:4      | Noticed Sigmund
  3070 | D:4      | Noticed an orc warrior
  3193 | D:4      | Killed an orc warrior
  3193 | D:4      | Reached skill level 5 in Unarmed Combat
  3214 | D:4      | Noticed Natasha
  3220 | D:4      | Killed Natasha
  3328 | D:4      | Reached XP level 7. HP: 40/70 MP: 6/6
  3409 | D:4      | Noticed Natasha
  3415 | D:4      | Killed Natasha
  3540 | D:4      | Killed Sigmund
  3558 | D:4      | Noticed Natasha
  3567 | D:4      | Killed Natasha
  3608 | D:4      | Identified Goazeina's Grimoire of Flamy Malediction
  3750 | D:5      | Found a snail-covered altar of Cheibriados.
  3765 | D:5      | Reached skill level 5 in Dodging
  3773 | D:5      | Became a worshipper of Cheibriados the Contemplative
  3773 | D:5      | Reached * piety under Cheibriados
  3773 | D:5      | Reached ** piety under Cheibriados
  3885 | D:5      | Reached skill level 6 in Unarmed Combat
  4366 | D:6      | Reached XP level 8. HP: 79/79 MP: 7/7
  4665 | D:7      | Found a staircase to the Ecumenical Temple.
  4714 | D:7      | Reached skill level 1 in Throwing
  4728 | D:7      | Reached skill level 1 in Shields
  4740 | D:7      | Reached skill level 5 in Fighting
  5064 | D:7      | Reached *** piety under Cheibriados
  5213 | D:8      | Found Murahae's Antique Armour Emporium.
  5472 | D:8      | Reached XP level 9. HP: 88/88 MP: 8/8
  5684 | D:8      | Reached skill level 7 in Unarmed Combat
  5754 | D:8      | Found a hide-covered altar of Uskayaw.
  5754 | D:8      | Found a shimmering altar of Xom.
  5956 | D:8      | Reached **** piety under Cheibriados
  6064 | D:8      | Reached skill level 1 in Invocations
  6098 | D:8      | HP: 4/89 [yak (7)]
  6104 | D:8      | HP: 3/89 [yak (16)]
  6104 | D:8      | Slain by a yak

Skill      XL: |  1  2  3  4  5  6  7  8  9 |
---------------+----------------------------+-----
Fighting       | 3 4 5 |  5.9
Dodging        | 3 4 5 6 |  6.1
Unarmed Combat | 4 5 6 7 |  7.2
Throwing       | 2 3 |  3.4
Shields        | 2 |  2.9
Invocations    | 1 |  1.5
Stealth        | |  1.0

Action                   |  1- 3 |  4- 6 |  7- 9 || total
-------------------------+-------+-------+-------++-------
Melee: Unarmed           |    92 |   214 |   288 ||   594
       Punch             |       |     3 |       ||     3
Throw: Stone             |       |       |     3 ||     3
Invok: Bend Time         |       |       |     2 ||     2
  Use: Potion            |       |       |     4 ||     4
 Stab: Sleeping          |     3 |     2 |     2 ||     7
       Distracted        |       |       |     1 ||     1
  Eat: Chunk             |    11 |    20 |    23 ||    54
Armor: Robe              |    40 |    53 |    68 ||   161
Dodge: Dodged            |    56 |   129 |   140 ||   325
Block: Shield            |       |       |   138 ||   138
